 Dungeon Crawl Stone Soup version 0.21-a0-91-ga5031da (webtiles) character file.

6563 Ordine the Carver (level 11, -7/78 HPs)
             Began as an Octopode Fighter on June 27, 2017.
             Was an Initiate of Gozag.
             Splashed by a jelly's acid (8 damage)
             ... on level 9 of the Dungeon.
             The game lasted 00:22:54 (11427 turns).

Ordine the Carver (Octopode Fighter)               Turns: 11427, Time: 00:22:55

Health: -7/78      AC:  1    Str: 17    XL:     11   Next: 1%
Magic:  11/11      EV: 13    Int: 11    God:    Gozag
Gold:   642        SH: 12    Dex: 13    Spells: 10/10 levels left

rFire    . . .     SeeInvis .   e - +2 scimitar (flame)
rCold    . . .     Gourm    .   b - +1 shield
rNeg     . . .     Faith    .   (helmet restricted)
rPois    .         Spirit   .   (no amulet)
rElec    .         Reflect  .   i - ring of flight
rCorr    .         Harm     .   A - ring of loudness (curse)
MR       .....                  (no ring)
Stlth    +.........             (no ring)
HPRegen  0.23/turn              (no ring)
MPRegen  0.12/turn              (no ring)
                                (no ring)
                                (no ring)

@: very slightly contaminated
A: almost no armour, stealthy swim, amphibious, 8 rings, constrict 8, camouflage
1, gelatinous body 1
a: Potion Petition, Call Merchant, Bribe Branch, Renounce Religion, Evoke Flight


You were on level 9 of the Dungeon.
You worshipped Gozag.
Gozag was pleased with you.
You were very hungry.

You visited 2 branches of the dungeon, and saw 10 of its levels.

You collected 734 gold pieces.
You paid 92 gold pieces to Gozag.

Inventory:

Hand Weapons
 e - a +2 scimitar of flaming (weapon)
 t - a +1 long sword of holy wrath
Armour
 b - a +1 shield (worn)
Jewellery
 i - a ring of flight (left tentacle)
 A - a cursed ring of loudness (right tentacle)
Wands
 c - a wand of iceblast (4/15)
 g - a wand of paralysis (13/24)
 h - a wand of flame (23/48)
 x - a wand of lightning (8/15)
 z - a wand of disintegration (8/24)
Scrolls
 k - 2 scrolls of fog
 l - 3 scrolls of magic mapping
 p - a scroll of enchant armour
 q - 2 scrolls of immolation
 y - a scroll of amnesia
 B - a scroll of recharging
Potions
 f - a potion of cancellation {unknown}
 j - a potion of ambrosia
 m - 2 potions of flight {unknown}
 r - a potion of degeneration {unknown}
 s - a potion of mutation {unknown}
 u - a potion of lignification {unknown}
 v - a potion of heal wounds {unknown}
 w - 2 potions of brilliance {unknown}
Comestibles
 d - 2 bread rations
 n - a royal jelly
 o - a meat ration


   Skills:
 + Level 8.8 Fighting
 * Level 11.6 Long Blades
 - Level 3.0 Dodging
 + Level 8.8 Shields


You had 10 spell levels left.
You didn't know any spells.

Dungeon Overview and Level Annotations

Branches:
Dungeon (9/15)             Temple (1/1) D:7
   Lair: D:8-11         Orc: D:9-12

Altars:
Ashenzari
Cheibriados
Dithmenos
Elyvilon
Fedhas
Gozag
Hepliaklqana
Kikubaaqudgha
Makhleb
Nemelex Xobeh
Okawaru
Qazlal
Ru
Sif Muna
Trog
Uskayaw
Vehumet
Wu Jian
Xom
Yredelemnul
Zin
The Shining One


Innate Abilities, Weirdness & Mutations

You cannot wear most types of armour.
You are very stealthy in the water. (Stealth+)
You are amphibious.
You can wear up to eight rings at the same time.
You can use your tentacles to constrict eight enemies at once.
Your skin changes colour to match your surroundings (Stealth+).
Your rubbery body absorbs attacks. (AC +1, EV +1)


Message History

You flicker for a moment.
You flicker back into view.
A hippogriff comes into view.
The hippogriff screeches!
You see here a giant spiked club.
An ogre comes into view. It is wielding a giant spiked club.
The hippogriff closely misses you. The hippogriff pecks you!
* * * LOW HITPOINT WARNING * * *
You block the hippogriff's attack.
A jelly comes into view.
The troll shouts!
You block the hippogriff's attack. The hippogriff pecks you.
* * * LOW HITPOINT WARNING * * *
The hippogriff claws you!
* * * LOW HITPOINT WARNING * * *
The jelly hits you.
* * * LOW HITPOINT WARNING * * *
You are splashed with acid!
The acid burns!
You die...
Your body crumbles into a pile of gold.

#..... #.≈≈..≈≈≈ #.##.. .##
#.§§§§§≈ #.##.. .[... ###
#..≈§§§ #.#### #.... ..#
#..§§§§ #.# #..#.###.# #...§#
#.# #........# #...# ######.#
#..#..#..####J..###......####
##...........@H.YT............
.........(...$............###.
##.##$<.$..........)....## #$
#....#.#####O..###.....## #.
#(.....# #...# ###.##.###.
#.####.# #T..# #.#.#...( #
...#####...# #....T...
.oT....#(..# ####.####
.........(.# #......#


You could see a hippogriff, 2 trolls, a sky beast, an ogre and a jelly.

Vanquished Creatures
  Erica (D:9)
  A two-headed ogre (D:7)
  Maurice (D:8)
  2 hornets
  A hippogriff (D:9)
  A wyvern (D:8)
  5 yaks
  Edmund (D:6)
  Duvessa (D:7)
  A hell hound (D:9)
  An ice beast (D:8)
  3 orc warriors
  2 phantoms
  2 black bears
  A necrophage (D:7)
  5 ogres
  3 centaurs
  A crocodile (D:6)
  Blork the orc (D:6)
  A bullfrog (D:9)
  Dowan (D:7)
  A water moccasin zombie (D:6)
  2 scorpions
  4 killer bees
  3 crimson imps (D:5)
  A bullfrog zombie (D:9)
  6 hounds
  Crazy Yiuf (D:6)
  A centaur zombie (D:8)
  2 jellies
  2 orc priests
  Terence (D:2)
  2 iguanas
  7 orc wizards
  3 worker ants
  8 adders
  3 gnolls (D:2)
  2 shadow imps
  2 oozes
  An adder zombie (D:5)
  2 adder skeletons
  2 worms
  5 dart slugs
  3 leopard geckos
  34 orcs
  A ball python (D:2)
  7 bats
  6 giant cockroaches
  9 goblins
  6 hobgoblins
  8 jackals (D:1)
  6 kobolds
  5 quokkas
  7 frilled lizards
  12 rats
201 creatures vanquished.

Notes
Turn   | Place    | Note
-------+----------+-------------------------------------------
     0 | D:1      | Ordine the Octopode Fighter began the quest for the Orb.
     0 | D:1      | Reached XP level 1. HP: 16/16 MP: 1/1
   169 | D:1      | Reached XP level 2. HP: 19/21 MP: 2/2
   422 | D:1      | Reached XP level 3. HP: 5/26 MP: 3/3
   603 | D:1      | Reached skill level 3 in Long Blades
  1210 | D:2      | Reached XP level 4. HP: 31/31 MP: 4/4
  1245 | D:2      | Found an iron altar of Okawaru.
  1266 | D:2      | Noticed Terence
  1273 | D:2      | Killed Terence
  1448 | D:2      | Reached XP level 5. HP: 35/37 MP: 5/5
  1454 | D:2      | Reached skill level 4 in Long Blades
  1946 | D:3      | Reached XP level 6. HP: 43/43 MP: 6/6
  3304 | D:5      | Entered Level 5 of the Dungeon
  3443 | D:5      | Reached skill level 5 in Long Blades
  3443 | D:5      | Reached XP level 7. HP: 47/49 MP: 7/7
  3934 | D:6      | Noticed Blork the orc
  3946 | D:5      | Reached skill level 5 in Fighting
  4041 | D:6      | Killed Blork the orc
  4041 | D:6      | Reached skill level 6 in Long Blades
  4111 | D:6      | Reached skill level 5 in Shields
  4153 | D:6      | Found a hazy altar of Hepliaklqana.
  4158 | D:6      | Found a shimmering altar of Xom.
  4158 | D:6      | Noticed a tentacled monstrosity
  4159 | D:6      | Noticed a tentacled monstrosity
  4159 | D:6      | Noticed a spectral ugly thing
  4213 | D:6      | Noticed Edmund
  4220 | D:6      | Killed Edmund
  4220 | D:6      | Reached XP level 8. HP: 56/56 MP: 8/8
  4350 | D:6      | Found a runed door.
  4635 | D:6      | Reached skill level 7 in Long Blades
  4851 | D:6      | Found a blossoming altar of Fedhas.
  5697 | D:6      | Noticed Crazy Yiuf
  5703 | D:6      | Killed Crazy Yiuf
  5813 | D:7      | Noticed Dowan
  5947 | D:7      | Reached skill level 8 in Long Blades
  6047 | D:7      | Reached XP level 9. HP: 40/63 MP: 9/9
  6771 | D:7      | Noticed a hornet
  6780 | D:7      | Killed a hornet
  6819 | D:7      | Found a staircase to the Ecumenical Temple.
  6824 | Temple   | Entered the Ecumenical Temple
  6832 | Temple   | Became a worshipper of Gozag Ym Sagoz the Greedy
  6890 | D:7      | Noticed Duvessa
  6904 | D:7      | Killed Duvessa
  6904 | D:7      | Reached skill level 9 in Long Blades
  6914 | D:7      | Killed Dowan
  7178 | D:8      | Noticed Maurice
  7189 | D:8      | Killed Maurice
  7468 | D:8      | Found a glowing golden altar of the Shining One.
  7493 | D:8      | Found a glowing silver altar of Zin.
  8359 | D:9      | Noticed Erica
  8406 | D:9      | Noticed a hornet
  8434 | D:8      | Reached skill level 10 in Long Blades
  8434 | D:8      | Reached XP level 10. HP: 33/71 MP: 10/10
  9234 | D:8      | Noticed a two-headed ogre
 10049 | D:7      | Killed a two-headed ogre
 10566 | D:9      | Killed Erica
 10566 | D:9      | Reached skill level 11 in Long Blades
 11406 | D:9      | Reached XP level 11. HP: 25/78 MP: 11/11
 11425 | D:9      | HP: 3/78 [hippogriff (7)]
 11427 | D:9      | HP: 1/78 [jelly (2)]
 11427 | D:9      | Splashed by a jelly's acid

Vault maps used:
D:1:      nagdon_arrival_zigzag_paths, dk_noncrumbling_3
D:2:      okawaru_trees_1, uniq_terence
D:3:      first_bread, minmay_hedge_maze
D:6:      regret_index_temple_of_mockery, fedhas_altar_2,
          kennysheep_cluttered_room, uniq_edmund, uniq_crazy_yiuf_cottage,
          uniq_blork_the_orc
D:7:      minmay_temple_entry_glassed_door, roderic_serpentine_path,
          uniq_duvessa
D:8:      tso_metal_star, kennysheep_little_box, uniq_maurice
D:9:      hangedman_cross_stitches, minmay_lair_entry_lava, uniq_erica
Temple:   nicolae_temple_x_marks_the_god

Skill      XL: |  1  2  3  4  5  6  7  8  9 10 |
---------------+-------------------------------+-----
Long Blades    | 3 4 5 6 8 10 11 | 11.6
Fighting       | 4 5 6 7 8 |  8.8
Shields        | 4 5 6 7 8 |  8.8
Dodging        | |  3.0

Action                   |  1- 3 |  4- 6 |  7- 9 | 10-12 || total
-------------------------+-------+-------+-------+-------++-------
Melee: Long sword        |    63 |   126 |   238 |    61 ||   488
       Constrict         |    21 |    32 |    45 |    13 ||   111
       Tentacles         |    11 |    26 |    51 |    28 ||   116
       Scimitar          |       |       |       |    50 ||    50
Evoke: Wand              |       |       |     4 |     9 ||    13
  Use: Potion            |     1 |     1 |     5 |     4 ||    11
       Scroll            |     6 |     6 |     7 |     3 ||    22
 Stab: Invisible         |     3 |       |       |     1 ||     4
       Sleeping          |     1 |     7 |     8 |       ||    16
       Distracted        |       |       |     1 |     1 ||     2
       Paralysed         |       |       |     2 |     7 ||     9
  Eat: Chunk             |     1 |     6 |    12 |       ||    19
       Bread ration      |       |       |     1 |     2 ||     3
Armor: Skin              |     9 |     4 |     7 |     4 ||    24
Dodge: Dodged            |    46 |    46 |    76 |    43 ||   211
Block: Shield            |    33 |    53 |   122 |    52 ||   260
       Rpst.: Long sword |    10 |    14 |    18 |     8 ||    50
       Scimitar          |       |       |       |     5 ||     5
